 Dungeon Crawl Stone Soup version 0.20-a0-899-g09a9bfb (webtiles) character file.

59604 4thArraOfDagon the Cruncher (level 14, -18/95 HPs)
             Began as a Mummy Abyssal Knight on Mar 18, 2017.
             Was an Elder of Lugonu.
             Killed from afar by a deep elf annihilator (41 damage)
             ... with a crystal spear
             ... on level 1 of the Elven Halls.
             The game lasted 01:07:24 (14839 turns).

4thArraOfDagon the Cruncher (Mummy Abyssal Knight) Turns: 14839, Time: 01:07:25

Health: -18/95     AC: 20    Str: 18    XL:     14   Next: 53%
Magic:  22/22      EV: 10    Int: 16    God:    Lugonu [****..]
Gold:   1445       SH:  0    Dex: 12    Spells: 21/24 levels left

rFire    + + .     SeeInvis .   s - +9 lajatang (vamp)
rCold    + . .     Gourm    .   P - +4 chain mail {rF+}
rNeg     + + +     Faith    .   (shield currently unavailable)
rPois    ∞         Spirit   .   p - +1 helmet
rElec    .         Reflect  .   j - scarf {rC+ rF+}
rCorr    .         Harm     .   m - +2 pair of gloves
MR       +....                  (no boots)
Stlth    ..........             h - amulet of regeneration
Regen    0.7/turn               I - +3 ring of strength
MPRegen  0.2/turn               z - ring of fire

@: no status effects
A: no food or potions, fire vulnerability, cold resistance 1, negative energy
resistance 3, torment resistance, unbreathing, in touch with death 1
a: Depart the Abyss, Bend Space, Banish, Corrupt, Renounce Religion


You were on level 1 of the Elven Halls.
You worshipped Lugonu.
Lugonu was greatly pleased with you.
You were not hungry.

You visited 4 branches of the dungeon, and saw 24 of its levels.
You visited the Abyss 1 time.
You also visited: Labyrinth.

You collected 2177 gold pieces.
You spent 732 gold pieces at shops.

Inventory:

Hand Weapons
 s - a +9 vampiric lajatang (weapon)
 O - the +10 hand axe of Past Mistakes {chop, Str+3}
   (You found it on level 6 of the Lair of Beasts)

   It inflicts extra damage upon your enemies.
   It affects your strength (+3).
 Z - a +3 lajatang of distortion
Missiles
 M - a throwing net (quivered)
Armour
 j - a scarf of resistance (worn)
 m - a +2 pair of gloves (worn)
 o - a +1 chain mail of magic resistance
 p - a +1 helmet (worn)
 P - a +4 chain mail of fire resistance (worn)
 X - a +2 chain mail of cold resistance
 Y - a +0 troll leather armour
Magical Staves
 R - an uncursed staff of power {!a}
Jewellery
 a - an uncursed ring of magical power
 h - an amulet of regeneration (around neck)
 i - an uncursed ring of flight
 n - an uncursed amulet of rage {unknown}
 y - an uncursed ring of fire
 z - a ring of fire (left hand)
 D - a +1 ring of evasion
 H - a +3 amulet of reflection {unknown}
 I - a +3 ring of strength (right hand)
 K - an uncursed amulet of guardian spirit {unknown}
 L - an uncursed ring of fire
 S - an uncursed ring of ice
Wands
 b - a wand of digging (19/24)
 l - a wand of flame (7/48)
 C - a wand of random effects (12/48)
 N - a wand of acid (1/15)
 T - a wand of scattershot (4/9)
 V - a wand of paralysis (11/24)
Scrolls
 c - a scroll of recharging
 d - 3 scrolls of immolation
 e - 7 scrolls of enchant armour
 f - 5 scrolls of magic mapping
 g - 8 scrolls of remove curse
 q - 4 scrolls of blinking
 t - 2 scrolls of random uselessness
 u - 4 scrolls of teleportation
 v - 2 scrolls of fog
 B - a scroll of silence
 E - a scroll of amnesia
 G - a scroll of noise
 J - a scroll of fear
 U - 2 scrolls of identify
 W - a scroll of summoning
Miscellaneous
 F - a fan of gales
 Q - a phial of floods


   Skills:
 - Level 4.1 Fighting
   Level 2.8 Long Blades
 * Level 13.6 Staves
 + Level 8.0 Armour
 + Level 7.4 Dodging
 - Level 0.3 Stealth
 + Level 5.9 Spellcasting
 * Level 5.8 Hexes
 * Level 5.5 Charms
 - Level 10.0 Invocations


You had 21 spell levels left.
You knew the following spells:

 Your Spells              Type           Power        Failure   Level  Hunger
a - Spectral Weapon       Hex/Chrm       ###.....     38%         3    N/A

Dungeon Overview and Level Annotations

Branches:
Dungeon (15/15)            Temple (0/1) D:7            Lair (6/6) D:11
 Shoals (0/4) Lair:2        Snake (0/4) Lair:3          Orc (2/2) D:11
    Elf (1/3) Orc:2
  Slime: Lair:5-6    Vaults: D:13-14     Depths: D:15

Altars:
Ashenzari
Cheibriados
Dithmenos
Gozag
Hepliaklqana
Nemelex Xobeh
Qazlal
Trog
Vehumet
Wu Jian
Xom
Yredelemnul
Zin

Shops:
Orc:1 [   Orc:2 (?((

Portals:
Trove: D:12 (give +4 shadow dragon scales)

Annotations:
D:2 Terence
D:12 Kirke
D:15 Josephine
Lair:4 Nergalle
Orc:2 corrupted
Elf:1 corrupted
Abyss:1 Fannar, Louise


Innate Abilities, Weirdness & Mutations

You do not eat or drink.
Your flesh is vulnerable to fire.
You are immune to poison.
Your flesh is cold resistant. (rC+)
You are immune to negative energy. (rN+++)
You are immune to unholy pain and torment.
You can survive without breathing.
You are in touch with the powers of death.


Message History

Press: ? - help, Shift-Dir - straight line The rock shatters into small pieces.
This wand has 19 charges left.
You start waiting.
You closely miss the deep elf annihilator.
The deep elf annihilator gestures at you while chanting.
The crystal spear hits you!
You slash the deep elf annihilator!
You feel better.
The deep elf annihilator is moderately wounded.
You barely miss the deep elf annihilator.
The deep elf annihilator is moderately wounded.
The deep elf annihilator points at you and mumbles some strange words.
The iron shot hits you!
Ouch! That really hurt!
* * * LOW HITPOINT WARNING * * *
Unknown command.
You slice the deep elf annihilator!!
The deep elf annihilator is heavily wounded.
The deep elf annihilator gestures at you while chanting.
The crystal spear hits you!
You die...

....#.#e#.............##.
....#.#.######...##.#...e
......#.# ###...##......
...#..#.# #.......# ###.
...#..#.# #.#...#.# #...
........## #.#...# # #.##
.....###.###.##....#
##### ##e##.# ##..#
#@#.#.####(.#.
#.##..[......... #.#
#.#.####.###.#
#.####.##.# .. #.##
#.......# #.. ## #...
#.#.###### #.# ##...
#.##.# # ####.#####....
###.#..####.......##..#.
##.###............##...#


You could see a deep elf annihilator.

Vanquished Creatures
  A deep elf sorcerer (Elf:1)
  A stone giant (D:9)
  2 ogre magi (Orc:2)
  A centaur warrior (D:14)
  A dancing weapon (Elf:1)
  4 two-headed ogres
  3 death yaks (Lair:6)
  A deep elf knight (Elf:1)
  3 lindwurms (Lair:6)
  6 ugly things
  A wolf spider (Lair:6)
  2 deep elf magi
  4 cyclopes
  8 elephants
  2 black mambas
  A centaur zombie (D:11)
  3 gargoyles
  3 torpor snails
  5 rime drakes
  13 spiny frogs
  A centaur skeleton (D:13)
  2 kobold demonologists (D:12)
  A komodo dragon (Lair:1)
  An efreet (D:13)
  A troll (shapeshifter) (D:10)
  4 trolls
  4 hornets
  5 blink frogs
  A hippogriff (shapeshifter) (D:13)
  2 dream sheep (Lair:6)
  12 hippogriffs
  An air elemental (Elf:1)
  2 shadows
  A water elemental (Elf:1)
  31 yaks
  A spriggan (D:9)
  A wraith (D:15)
  2 wyverns (D:12)
  A hog (D:12)
  4 vampire mosquitoes (D:14)
  A basilisk (Lair:6)
  4 hungry ghosts
  7 wargs
  3 nagas (Lair:3)
  12 water moccasins
  4 porcupines
  7 orc warriors
  3 ice beasts
  3 phantoms
  A black bear (D:7)
  6 wolves
  5 sky beasts
  2 necrophages
  9 ogres
  An eye of draining (D:10)
  9 centaurs
  6 crocodiles
  2 big kobolds
  17 bullfrogs
  A water moccasin zombie (D:10)
  9 scorpions
  5 howler monkeys
  8 wights
  3 crimson imps
  A bullfrog zombie (D:7)
  2 jellies
  10 orc priests
  3 bullfrog skeletons
  12 orc wizards
  2 iguanas
  12 worker ants
  A killer bee zombie (D:9)
  A mummy (D:5)
  2 worker ant zombies
  13 adders
  14 gnolls
  A howler monkey skeleton (D:9)
  2 shadow imps
  2 oozes
  2 adder zombies (D:7)
  A worm (D:5)
  A dart slug (D:3)
  6 leopard geckos
  59 orcs
  7 bats
  5 giant cockroaches
  3 hobgoblins
  11 jackals
  16 kobolds
  A quokka (D:9)
  2 frilled lizards
  12 goblins
  2 leopard gecko skeletons
  5 rats
482 creatures vanquished.

Vanquished Creatures (others)
  Saint Roka (Orc:2)
  A deep elf annihilator (Elf:1)
  A minotaur (Lab)
  2 ogre magi (Orc:2)
  A vault guard (D:13)
  A hydra (D:11)
  A death knight (D:9)
  13 two-headed ogres
  A deep elf archer (Elf:1)
  An orc knight (Orc:1)
  A deep elf mage (D:14)
  An orb spider (shapeshifter) (Elf:1)
  5 ugly things
  A centaur skeleton (D:15)
  3 freezing wraiths
  2 trolls
  A hippogriff (D:11)
  A shadow (D:14)
  2 yaks
  An air elemental (Elf:1)
  A fire elemental (Elf:1)
  A wraith (D:15)
  A vampire mosquito (D:8)
  A warg (Orc:2)
  7 orc warriors
  24 ogres (Orc:2)
  A big kobold (D:11)
  A wyvern zombie (D:13)
  A wight (D:6)
  2 orc priests (Orc:2)
  6 orc wizards (Orc:2)
  A gnoll (D:7)
  10 orcs
  17 bushes (D:15)
  6 fungi
  A plant (Lair:6)
  9 starspawn tentacles (Elf:1)
131 creatures vanquished.

Grand Total: 613 creatures vanquished

Notes
Turn   | Place    | Note
-------+----------+-------------------------------------------
     0 | Abyss:1  | 4thArraOfDagon the Mummy Abyssal Knight began the quest for the Orb.
     0 | Abyss:1  | Reached XP level 1. HP: 18/18 MP: 2/2
    21 | Abyss:1  | Ultraviolent4: shits on fire yo
    58 | Abyss:2  | Noticed an iron imp
    58 | Abyss:2  | Noticed a neqoxec
    94 | Abyss:3  | Noticed an iron imp
   114 | Abyss:3  | Noticed a worldbinder
   117 | Abyss:3  | Noticed a wraith
   117 | D:1      | Escaped the Abyss
   424 | D:1      | Reached XP level 2. HP: 24/24 MP: 3/3
   471 | D:1      | Reached * piety under Lugonu
   680 | D:2      | Reached XP level 3. HP: 27/29 MP: 4/4
   694 | D:2      | Found a sparkling altar of Nemelex Xobeh.
   792 | D:2      | Noticed Terence
  1162 | D:2      | Reached XP level 4. HP: 37/37 MP: 5/5
  1287 | D:3      | Found a shattered altar of Ashenzari.
  1441 | D:3      | Reached ** piety under Lugonu
  1448 | D:3      | Reached skill level 1 in Dodging
  1609 | D:5      | Entered Level 5 of the Dungeon
  1623 | D:5      | Noticed a sky beast
  1641 | D:5      | Killed a sky beast
  1641 | D:5      | Reached skill level 1 in Staves
  1641 | D:5      | Reached XP level 5. HP: 42/42 MP: 6/6
  1679 | D:4      | Found a hazy altar of Hepliaklqana.
  1679 | D:4      | Found a radiant altar of Vehumet.
  1703 | D:5      | Found an opulent altar of Gozag.
  1720 | D:5      | Found a bloodstained altar of Trog.
  1721 | D:5      | Found a glowing silver altar of Zin.
  1733 | D:5      | Found a shadowy altar of Dithmenos.
  1733 | D:5      | Noticed an ogre
  1733 | D:5      | Noticed a sky beast
  1733 | D:5      | Noticed a centaur
  1733 | D:5      | Noticed an ice beast
  1759 | D:5      | Found a basalt altar of Yredelemnul.
  1767 | D:5      | Killed an ice beast
  1767 | D:5      | Reached skill level 2 in Staves
  1767 | D:5      | Reached XP level 6. HP: 46/48 MP: 6/8
  1871 | D:4      | Reached skill level 3 in Staves
  1919 | D:4      | Noticed a hippogriff
  1942 | D:4      | Found a shimmering altar of Xom.
  1984 | D:4      | Found a stormy altar of Qazlal.
  2507 | D:5      | Reached XP level 7. HP: 54/54 MP: 9/9
  2509 | D:5      | Found a snail-covered altar of Cheibriados.
  2596 | D:5      | Reached skill level 4 in Staves
  2858 | D:7      | Reached skill level 5 in Staves
  2908 | D:7      | Reached XP level 8. HP: 60/60 MP: 11/11
  2918 | D:7      | Noticed a hippogriff
  2925 | D:7      | Killed a hippogriff
  2974 | D:7      | Reached skill level 6 in Staves
  2974 | D:7      | Reached skill level 5 in Invocations
  2986 | D:7      | Reached *** piety under Lugonu
  3072 | D:7      | Got a twisted trident
  3089 | D:7      | Found a staircase to the Ecumenical Temple.
  3124 | D:7      | Identified the +2 trident of Dim Light {pierce, rN++} (You found it on level 7 of the Dungeon)
  3511 | D:8      | Reached skill level 7 in Staves
  3536 | D:8      | Reached XP level 9. HP: 65/65 MP: 13/13
  3941 | D:8      | Reached skill level 8 in Staves
  4071 | D:9      | Noticed a phantasmal warrior
  4074 | D:9      | Banished a phantasmal warrior
  4080 | D:9      | Noticed a freezing wraith
  4086 | D:9      | Banished a freezing wraith
  4092 | D:9      | Noticed a death knight
  4092 | D:9      | Noticed a freezing wraith
  4092 | D:9      | Noticed a freezing wraith
  4093 | D:9      | jeessu
  4117 | D:8      | Banished a freezing wraith
  4152 | D:9      | Ultraviolent4: yea thats a group
  4182 | D:9      | Ultraviolent4: its pretty insane
  4208 | D:9      | Noticed a troll
  4241 | D:9      | Banished a troll
  4241 | D:9      | Reached skill level 9 in Staves
  4330 | D:9      | Found a runed door.
  4330 | D:9      | Noticed a brown ugly thing
  4332 | D:9      | Banished a brown ugly thing
  4397 | D:9      | Reached XP level 10. HP: 61/71 MP: 15/15
  4468 | D:9      | Found an ornate altar of the Wu Jian Council.
  4548 | D:10     | Entered Level 10 of the Dungeon
  4998 | D:11     | Found a staircase to the Lair.
  5010 | D:10     | Noticed a two-headed ogre
  5024 | D:10     | Killed a two-headed ogre
  5077 | D:10     | Reached skill level 10 in Staves
  5206 | D:9      | Banished a death knight
  5522 | D:9      | Noticed a stone giant
  5832 | D:11     | 4thArraOfDagon: this dungeon wants me dead d
  5852 | D:11     | Noticed a cyclops
  5909 | D:11     | Killed a cyclops
  5916 | D:11     | Noticed a cyclops
  5935 | D:11     | Killed a cyclops
  5935 | D:11     | Reached XP level 11. HP: 27/77 MP: 17/17
  6622 | D:6      | adibis: Trust me - if I do the exact same things you just did I would have died 3-4 times by now.
  6896 | D:9      | Noticed a stone giant
  7036 | D:11     | Found a staircase to the Orcish Mines.
  7139 | D:11     | Reached skill level 11 in Staves
  7148 | D:11     | Noticed a seven-headed hydra
  7326 | D:11     | You fall through a shaft!
  7462 | D:12     | Noticed a deep elf mage
  7478 | D:11     | Noticed a green ugly thing
  7597 | D:11     | Killed a green ugly thing
  8069 | D:9      | Killed a stone giant
  8069 | D:9      | Reached skill level 5 in Armour
  8085 | D:9      | Noticed a two-headed ogre
  8087 | D:9      | Banished a two-headed ogre
  8091 | D:9      | Got a transparent flail
  8187 | D:11     | Banished a seven-headed hydra
  8252 | D:12     | Noticed Fannar
  8353 | D:12     | Found a portal to a secret trove of treasure.
  8383 | D:12     | Reached skill level 5 in Dodging
  8453 | D:12     | Reached XP level 12. HP: 83/83 MP: 18/18
  8568 | D:14     | Noticed a centaur warrior
  8579 | D:14     | Killed a centaur warrior
  8673 | D:12     | Noticed Kirke
  8691 | D:13     | Noticed a two-headed ogre
  8711 | D:13     | Noticed a centaur warrior
  8793 | D:14     | Reached skill level 12 in Staves
  8846 | D:14     | Noticed a two-headed ogre
  8896 | D:14     | Banished a two-headed ogre
  9299 | D:15     | Entered Level 15 of the Dungeon
  9515 | D:14     | Learned a level 3 spell: Spectral Weapon
  9772 | D:15     | Noticed Josephine
  9802 | D:14     | Reached skill level 10 in Invocations
  9847 | D:14     | Noticed a two-headed ogre
  9848 | D:14     | Noticed a tengu warrior
  9861 | D:14     | Killed a two-headed ogre
  9927 | D:13     | Reached skill level 1 in Charms
 10013 | D:13     | Noticed a two-headed ogre
 10017 | D:13     | Reached skill level 1 in Hexes
 10020 | D:13     | a two-headed ogre changed into a moth of wrath
 10024 | D:13     | Reached skill level 1 in Spellcasting
 10072 | D:13     | Noticed a vault guard
 10076 | D:13     | Banished a vault guard
 10097 | D:13     | Noticed a vault guard
 10098 | D:13     | Noticed a vault guard
 10170 | D:12     | Banished Fannar
 10170 | D:12     | Gained mutation: You are in touch with the powers of death. [Mummy growth]
 10170 | D:12     | Reached XP level 13. HP: 66/88 MP: 20/20
 10475 | Orc:1    | Entered Level 1 of the Orcish Mines
 10634 | Orc:2    | Entered Level 2 of the Orcish Mines
 10659 | Orc:2    | Found a labyrinth entrance.
 10696 | Orc:2    | Noticed Saint Roka
 10701 | Lab      | Entered a labyrinth
 10966 | Lab      | Reached **** piety under Lugonu
 11116 | Lab      | Noticed a minotaur
 11117 | Lab      | Banished a minotaur
 11222 | Orc:1    | Found Viycait's Armour Shop.
 11468 | Orc:2    | Corrupted Orc:2
 11468 | Orc:2    | Noticed a bone dragon
 11469 | Orc:2    | Noticed a bone dragon
 11471 | Orc:2    | Noticed a starcursed mass
 11485 | Orc:2    | Killed Saint Roka
 11493 | Orc:2    | Noticed a tentacled starspawn
 11493 | Orc:2    | Noticed a balrug
 11565 | Orc:2    | Found a staircase to the Elven Halls.
 11618 | Orc:2    | Paralysed by an ogre mage for 7 turns
 11776 | Orc:2    | Found Visalosm's Weapon Emporium.
 11776 | Orc:2    | Found Rosiuvea's Antique Weapon Shop.
 11777 | Orc:2    | Found Beggooh's Magic Scroll Shop.
 11777 | Orc:2    | Found Jutsinte's Weapon Shoppe.
 11787 | Orc:2    | Bought a scroll of magic mapping for 42 gold pieces
 11787 | Orc:2    | Bought 3 scrolls of magic mapping for 126 gold pieces
 11787 | Orc:2    | Bought a scroll of enchant weapon for 90 gold pieces
 11787 | Orc:2    | Bought a scroll of teleportation for 36 gold pieces
 11787 | Orc:2    | Bought a scroll of identify for 24 gold pieces
 11787 | Orc:2    | Bought a scroll of identify for 24 gold pieces
 11787 | Orc:2    | Bought a scroll of teleportation for 36 gold pieces
 11787 | Orc:2    | Bought a scroll of identify for 24 gold pieces
 11787 | Orc:2    | Bought a scroll of brand weapon for 240 gold pieces
 11787 | Orc:2    | Bought a scroll of enchant armour for 90 gold pieces
 11902 | Orc:2    | Reached skill level 13 in Staves
 11959 | Lair:1   | Entered Level 1 of the Lair of Beasts
 12123 | Lair:1   | Turgon: Hi MuAK
 12392 | Lair:2   | 4thArraOfDagon: hi turgon!
 12394 | Lair:2   | Found a staircase to the Shoals.
 12441 | Lair:2   | 4thArraOfDagon: Ash Prophet*
 12464 | Lair:2   | Turgon: :-)
 12547 | Lair:2   | 4thArraOfDagon: just please dont ask why im still playing because I dont know
 12653 | Lair:3   | Found a bloodstained altar of Trog.
 12948 | Lair:4   | Turgon: The question is rather: why do you play with this strange god?
 12982 | Lair:4   | Noticed Nergalle
 13024 | Lair:5   | Turgon: I've never been interested in Lug
 13150 | Lair:5   | Turgon: !lg Turgon --AK
 13155 | Lair:5   | beem: 2. Turgon the Grappler (L8 TrAK of Lugonu), slain by infinitevox's ghost on D:8 on 2012-01-29 11:24:05, with 2049 points after 6490 turns and 0:42:41.
 13180 | Lair:6   | Entered Level 6 of the Lair of Beasts
 13185 | Lair:6   | Turgon: !lg Turgon --AK s=XL
 13194 | Lair:6   | beem: 2 games for Turgon (--AK): 8, 13
 13270 | Lair:6   | Turgon: wow, I played 2 games as AK!
 13281 | Lair:6   | Reached skill level 5 in Spellcasting
 13281 | Lair:6   | Reached XP level 14. HP: 95/95 MP: 21/21
 13342 | Lair:6   | Reached ***** piety under Lugonu
 13441 | Lair:6   | Reached skill level 5 in Hexes
 13553 | Lair:6   | Reached skill level 5 in Charms
 13668 | Lair:6   | Got a fine hand axe
 13671 | Lair:6   | Identified the +10 hand axe of Past Mistakes {chop, Str+3} (You found it on level 6 of the Lair of Beasts)
 14238 | Lair:3   | Found a staircase to the Snake Pit.
 14442 | Elf:1    | Entered Level 1 of the Elven Halls
 14442 | Elf:1    | Noticed Louise
 14445 | Elf:1    | Banished Louise
 14452 | Elf:1    | Corrupted Elf:1
 14452 | Elf:1    | Noticed a tentacled starspawn
 14452 | Elf:1    | Noticed a tentacled starspawn
 14452 | Elf:1    | Noticed a tentacled starspawn
 14453 | Elf:1    | Noticed a tentacled starspawn
 14454 | Elf:1    | Noticed a tentacled starspawn
 14454 | Elf:1    | Noticed a tentacled starspawn
 14454 | Elf:1    | Noticed a cacodemon
 14455 | Elf:1    | Noticed a tentacled starspawn
 14459 | Elf:1    | Noticed a starcursed mass
 14528 | Elf:1    | Noticed a starcursed mass
 14531 | Elf:1    | Noticed a tentacled starspawn
 14537 | Elf:1    | Noticed a starcursed mass
 14539 | Elf:1    | Noticed a starcursed mass
 14540 | Elf:1    | Noticed a starcursed mass
 14549 | Elf:1    | Found a radiant altar of Vehumet.
 14613 | Elf:1    | Noticed a deep elf sorcerer
 14629 | Elf:1    | Killed a deep elf sorcerer
 14839 | Elf:1    | Killed from afar by a deep elf annihilator

Vault maps used:
D:1:      dpeg_arrival_stonehenge_8_columns, minmay_misc_feat_five,
          amethyst_killhole
D:2:      nemelex_altar_shiori, okawaru_metal_pillars_1_2, uniq_terence
D:3:      old_standard_altar
D:4:      nicolae_overflow_hidden_temple, nicolae_overflow_crystal_walls,
          first_bread, lightli_corner_chamber
D:5:      gammafunk_temple_overflow_pools,
          nicolae_dithmenos_through_a_glass_darkly, kennysheep_mini,
          slow_altar_1, lemuel_tele_altar
D:7:      minmay_temple_entry_hall
D:8:      kennysheep_big_flooded_room
D:9:      kennysheep_little_box, the_bakery, minivault_13
D:11:     erik_lair_orcish_takeover, david_orc_1_choice, corexii_hall_statues_l
D:12:     nicolae_trove_entry_free_sample, uniq_kirke, uniq_fannar
D:13:     erik_vaults_2
D:14:     hangedman_decor_cross_pass, kennysheep_two_boxes
D:15:     grunt_enter_depths_magical_seal, serial_shops,
          nicolae_shop_waterfront, serial_park_square2, minmay_misc_feat_doors,
          uniq_roxanne, uniq_azrael, uniq_urug, uniq_josephine
Lair:1:   guppyfry_lair_drakes, grunt_megastairs_2
Lair:2:   shoals_dummy_entry
Lair:3:   guppyfry_snake_entry_garden, basic_altar
Lair:4:   uniq_nergalle
Lair:5:   slime_altar_1, serial_bayou_shore_a
Lair:6:   hangedman_lair_in_review
Orc:1:    serial_shops, nicolae_shop_competitors_out_of_business
Orc:2:    st_orc_ogre_mass, lab_entry_generic, uniq_saint_roka
Elf:1:    serial_shops, shop, basic_altar, evilmike_minifort, laboratory,
          uniq_louise, uniq_frances
Abyss:2:  hangedman_stitches_earthworm
Abyss:3:  evilmike_abyss_exit_mutagenic, hangedman_abyss_feature_spike,
          bh_abyss_exit_choice, evilmike_abyss_exit_glass
Lab:      labyrinth_mini_lab, labyrinth_skeletal_remains, nicolae_lab_blocks,
          nicolae_lab_diamond, nicolae_lab_swirl, nicolae_lab_arrow

Skill      XL: |  1  2  3  4  5  6  7  8  9 10 11 12 13 14 |
---------------+-------------------------------------------+-----
Long Blades    | 2 |  2.8
Armour         | 2 3 5 6 7 8 |  8.0
Fighting       | 4 |  4.1
Dodging        | 1 3 5 6 7 |  7.4
Staves         | 1 2 3 5 7 9 10 11 12 13 | 13.6
Invocations    | 2 3 4 5 7 8 9 10 | 10.0
Charms         | 1 4 5 |  5.5
Hexes          | 1 4 5 |  5.8
Spellcasting   | 1 5 |  5.9
Stealth        | |  0.3

Action                   |  1- 3 |  4- 6 |  7- 9 | 10-12 | 13-15 || total
-------------------------+-------+-------+-------+-------+-------++-------
Melee: Falchion          |   107 |    63 |       |       |       ||   170
       Lajatang          |       |    39 |   196 |   697 |   706 ||  1638
Throw: Throwing net      |       |       |       |     4 |     1 ||     5
Invok: Depart the Abyss  |     1 |       |       |       |       ||     1
       Banish            |       |       |     8 |    27 |    11 ||    46
       Corrupt           |       |       |       |       |     2 ||     2
       Bend Space        |       |       |       |       |     1 ||     1
Evoke: Wand              |       |     5 |       |    11 |     8 ||    24
       Phial of floods   |       |       |       |     1 |       ||     1
  Use: Scroll            |     1 |     8 |     4 |    11 |    15 ||    39
 Stab: Held in net/web   |       |       |       |     2 |       ||     2
Armor: Leather armour    |    18 |       |       |       |       ||    18
       Robe              |    13 |       |       |       |       ||    13
       Ring mail         |    14 |    22 |       |       |       ||    36
       Scale mail        |       |    29 |   108 |   127 |       ||   264
       Chain mail        |       |       |       |   101 |   333 ||   434
Dodge: Dodged            |    73 |    56 |    78 |   265 |   295 ||   767
       Rpst.: Falchion   |    23 |    10 |       |       |       ||    33
